 Dungeon Crawl Stone Soup version 0.31-a0-358-gac0dbeb3ab (webtiles) character file.

Game seed: 10741893658162180992

87 Newt the Changeling (level 4, -7/57 HPs)
             Began as a Draconian Shapeshifter on July 25, 2023.
             Mangled by Crazy Yiuf
             ... wielding a +3 quarterstaff of chaos
              (8 damage)
             ... on level 2 of the Dungeon.
             The game lasted 00:02:04 (1555 turns).

Newt the Changeling (Draconian Shapeshifter)        Turns: 1555, Time: 00:02:06

Health: -7/57      AC: 22    Str: 19    XL:     4   Next: 28%
Magic:  4/4        EV:  2    Int:  8    God:
Gold:   109        SH:  0    Dex: 12    Spells: 3/3 levels left

rFire   . . .        c - +0 morningstar
rCold   . . .        (no shield)
rNeg    . . .        (body armour unavailable)
rPois   +            (helmet currently unavailable)
rElec   .            (cloak currently unavailable)
rCorr   .            (gloves currently unavailable)
SInv    .            (boots currently unavailable)
Will    .....        (no amulet)
Stlth   +            (no ring)
HPRegen 0.29/turn    (no ring)
MPRegen 0.09/turn

%: no passive effects
@: tree-form, hasted, very quick
A: stationary, stasis, torment immunity, boosted hp, AC +5, unfitting armour,
(cold-blooded)
a: no special abilities


You were on level 2 of the Dungeon.
You were a tree.
You visited 1 branch of the dungeon, and saw 2 of its levels.

You collected 109 gold pieces.

Inventory:

Hand Weapons
 c - a +0 morningstar (weapon)
Talismans
 b - a beast talisman
Scrolls
 e - a scroll of identify
Potions
 d - a potion of cancellation {unknown}
 f - a potion of invisibility {unknown}
 g - a potion of haste {unknown}


   Skills:
 - Level 3.0 Fighting
 - Level 3.0 Dodging
 - Level 3.0 Unarmed Combat
 + Level 3.3 Shapeshifting


You had 3 spell levels left.
You didn't know any spells.
Your spell library contained the following spells:

 Spells                   Type           Power      Damage    Failure   Level
 Blink                    Tloc           0%         N/A       54%         2
 Portal Projectile        Hex/Tloc       0%         N/A       78%         3
 Tukima's Dance           Hex            0%         N/A       78%         3
 Iskenderun's Mystic Bla  Conj/Tloc      0%         2d3       99%         4
 Manifold Assault         Tloc           0%         N/A       99%         4


Dungeon Overview and Level Annotations

Branches:
Dungeon (2/15)

Altars:
Xom

Shops:
D:1 [

Annotations:
D:2 Crazy Yiuf


Innate Abilities, Weirdness & Mutations

You are a tree.
Your roots penetrate the ground, keeping you stationary.
You cannot be teleported.
You are immune to unholy pain and torment.
Your maximum health is greatly increased.
Your equipment is partially melded.
((Your plain brown scales are hard. (AC +5)))
You cannot fit into any form of body armour.
((You are cold-blooded and may be slowed by cold attacks.))


Message History

No reachable target in view!
You open the door. You barely miss Crazy Yiuf. You punch Crazy Yiuf.
Crazy Yiuf is moderately wounded.
Crazy Yiuf hits you with a +3 quarterstaff of chaos!
Crazy Yiuf freezes you.
Really quaff the potion of lignification?
Your transformation has ended.
You turn into a tree.
Your roots penetrate the ground.
Crazy Yiuf hits you with a +3 quarterstaff of chaos!
You feel yourself speed up.
Unknown command.
You closely miss Crazy Yiuf.
Crazy Yiuf is lightly wounded.
Crazy Yiuf cries, "Island!"
Crazy Yiuf completely misses you.
You thump Crazy Yiuf!
Crazy Yiuf is heavily wounded.
Crazy Yiuf hits you with a +3 quarterstaff of chaos.
Crazy Yiuf draws strength from your wounds!
You puncture Crazy Yiuf!
Crazy Yiuf is almost dead.
Crazy Yiuf laughs, "Action!
Ghoul forty-two song."
Crazy Yiuf hits you with a +3 quarterstaff of chaos!
* * * LOW HITPOINT WARNING * * *
Crazy Yiuf draws strength from your wounds!
You completely miss Crazy Yiuf.
Crazy Yiuf is severely wounded.
Crazy Yiuf hits you with a +3 quarterstaff of chaos.
* * * LOW HITPOINT WARNING * * *
You barely miss Crazy Yiuf.
Crazy Yiuf is severely wounded.
Crazy Yiuf hits you but does no damage. x2
You barely miss Crazy Yiuf.
Crazy Yiuf is severely wounded.
Crazy Yiuf yells, "Pitchfork!"
Crazy Yiuf hits you with a +3 quarterstaff of chaos!
* * * LOW HITPOINT WARNING * * *
You are electrocuted!
You die...

# # ######## # ###
###.#....##
#...##..#......##
#...g♣####......##
#)..### ##.....># #
### ######.## #
###..#### #......##
###########....#<##
#..................
#########..#.#♣.♣..
##.##..♣.♣#.


You could see Crazy Yiuf.

Vanquished Creatures
  Robin (D:2)
  A worm (D:2)
  3 dart slugs
  8 ball pythons
  5 endoplasms
  3 giant cockroaches
  8 goblins
  11 hobgoblins
  3 jackals (D:1)
  2 quokkas (D:1)
  5 bats
  2 frilled lizards
  3 kobolds
  2 rats (D:1)
57 creatures vanquished.

Notes
Turn   | Place    | Note
-------+----------+-------------------------------------------
     0 | D:1      | Newt the Draconian Shapeshifter began the quest for the
                  | Orb.
     0 | D:1      | Reached XP level 1. HP: 16/16 MP: 1/1
    39 | D:1      | Reached XP level 2. HP: 25/25 MP: 2/2
   197 | D:1      | Found Akhlyufro's Armour Boutique.
   403 | D:1      | Reached XP level 3. HP: 31/31 MP: 3/3
   991 | D:2      | Found a shimmering altar of Xom.
  1049 | D:2      | Noticed Robin
  1050 | D:2      | Reached XP level 4. HP: 38/38 MP: 4/4
  1054 | D:2      | Killed Robin
  1364 | D:2      | Found a runed translucent door.
  1365 | D:2      | Noticed Crazy Yiuf
  1555 | D:2      | HP: 1/57 [Crazy Yiuf/+3 quarterstaff of chaos (11)]
  1555 | D:2      | Mangled by Crazy Yiuf

Illustrated notes

Levels and vault maps discovered:
D:1:      spicycebolla_arrival_ecumenical, layout_loops_ring, serial_shops,
          nicolae_shop_competitors_out_of_business
D:2:      minmay_general_purpose_star, layout_rooms, serial_forest,
          infiniplex_forest_lined_3_way, infiniplex_forest_straight_3,
          infiniplex_forest_split, infiniplex_forest_lined_2,
          infiniplex_forest_straight_2, infiniplex_forest_end_3, basic_altar,
          uniq_crazy_yiuf_cottage, uniq_robin

Skill      XL: |  1  2  3 |
---------------+----------+-----
Fighting       | 2 3 |  3.0
Dodging        | 2 3 |  3.0
Unarmed Combat | |  3.0
Shapeshifting  | |  3.3

Action                     |  1- 3 |  4- 6 || total
---------------------------+-------+-------++-------
  Melee: Unarmed           |    66 |       ||    66
         Tailslap          |    12 |     3 ||    15
         Morningstar       |    25 |    33 ||    58
         Punch             |     1 |     2 ||     3
    Use: Scroll            |     5 |       ||     5
         Potion            |       |     1 ||     1
 Armour: Skin              |    14 |    12 ||    26
  Dodge: Dodged            |    54 |    27 ||    81

Table legend: (Time is in decaauts)
 A = Elapsed time spent in this place.
 B = Non-inter-level travel time spent in this place.
 C = Inter-level travel time spent in this place.
 D = Time resting spent in this place.
 E = Time spent auto-exploring this place.
 F = Levels seen in this place.
 G = Mean time per level.
                   A        B        C        D        E       F      G
               +--------+--------+--------+--------+--------+-----+--------+
         Total |   1579 |   1566 |     13 |    183 |   1080 |   2 |  789.5 |
       Dungeon |   1579 |   1566 |     13 |    183 |   1080 |   2 |  789.5 |
               +--------+--------+--------+--------+--------+-----+--------+

Top non-repeatable levels by time:
     D:2: 862 daAuts
     D:1: 716 daAuts
